 Dungeon Crawl Stone Soup version 0.27-a0-1149-g4505690ab0 (webtiles) character file.

Game seed: 12649555451106657566

27 garrulousMonolith the Slasher (level 2, -4/23 HPs)
             Began as a Demonspawn Gladiator on May 12, 2021.
             Slain by a gnoll
             ... wielding a +0 club
              (8 damage)
             ... on level 2 of the Dungeon.
             The game lasted 00:01:14 (1266 turns).

garrulousMonolith the Slasher (DsGl)                Turns: 1266, Time: 00:01:15

Health: -4/23      AC:  3    Str: 14    XL:     2   Next: 93%
Magic:  2/2        EV: 12    Int:  9    God:
Gold:   23         SH:  0    Dex: 14    Spells: 1/1 levels left

rFire    . . .     SeeInvis .   a - +0 long sword
rCold    . . .     Faith    .   (no shield)
rNeg     . . .     Spirit   .   b - +0 leather armour
rPois    .         Reflect  .   (helmet restricted)
rElec    .         Harm     .   (no cloak)
rCorr    .         Rampage  .   (no gloves)
Will     .....                  (no boots)
Stlth    +.........             (no amulet)
HPRegen  0.07/turn              (no ring)
MPRegen  0.08/turn              (no ring)

@: no status effects
A: horns 1
a: no special abilities


You were on level 2 of the Dungeon.
You visited 1 branch of the dungeon, and saw 2 of its levels.

You collected 23 gold pieces.

Inventory:

Hand Weapons
 a - a +0 long sword (weapon)
Missiles
 d - 2 throwing nets
 f - 15 poisoned darts (quivered)
Armour
 b - a +0 leather armour (worn)
 c - a +0 helmet
Potions
 e - a potion of heal wounds {unknown}
 g - a potion of attraction {unknown}
 h - a potion of lignification {unknown}


   Skills:
 + Level 2.3 Fighting
 * Level 3.1 Long Blades
 - Level 2.0 Throwing
 + Level 0.6 Armour
 + Level 2.9 Dodging


You had one spell level left.
You didn't know any spells.
Your spell library was empty.

Dungeon Overview and Level Annotations

Branches:
Dungeon (2/15)

Altars:


Innate Abilities, Weirdness & Mutations

You have a pair of small horns on your head.


Message History

You throw a poisoned dart. The poisoned dart hits the gnoll.
The gnoll looks even sicker.
Throw: 13 darts (poison)
Press: ? - help, Q - select action, (/) - cycle Shift-Dir - straight line, f/p - gnoll
Aim: a gnoll, wielding a +0 halberd (very poisoned, 64% to hit)
You throw a poisoned dart.
The poisoned dart closely misses the gnoll.
The gnoll barely misses you. The gnoll misses you.
You closely miss the gnoll.
The gnoll is lightly wounded.
The gnoll closely misses you. The gnoll barely misses you.
You closely miss the gnoll.
The gnoll is moderately wounded.
The gnoll hits you with a +0 halberd!
You hit the gnoll.
You kill the gnoll!
You see here a +0 halberd.
f - 14 poisoned darts (gained 2)
f - 15 poisoned darts (gained 1)
A gnoll comes into view. It is wielding a +0 club.
A gnoll is nearby!
You are too injured to fight recklessly!
You are too injured to fight recklessly!
You are too injured to fight recklessly!
You are too injured to fight recklessly!
A rat and a gnoll come into view.
The gnoll shouts! x2
The rat moves out of view.
You closely miss the gnoll. The gnoll closely misses you.
You riposte.
You hit the gnoll but do no damage. You closely miss the gnoll.
The gnoll hits you with a +0 club.
A gnoll comes into view. It is wielding a +0 club.
The gnoll hits you with a +0 club.
The gnoll hits you from afar with a +0 spear.
* * * LOW HITPOINT WARNING * * *
You hit the gnoll but do no damage. You headbutt the gnoll.
The gnoll is moderately wounded.
The gnoll hits you with a +0 club!
You die...

# #....... #
#........
########....###(
.............(......
..<###.#....##......
#..# #.....###.[...
#..###.#.......>..
.......#.#.###..###
#.##...#.#.###gg@.#
#.#.###....g...##.#
#...# #........##.#
#.#.###.##.##..##)#
#.##....##.##.....#
#..(..#.##.##..#..#
......#.##..#..#..#
####..# ##.#..#..#
..# .#..#..#


You could see 3 gnolls.

Vanquished Creatures
  A gnoll (D:2)
  A dart slug (D:1)
  An endoplasm (D:2)
  A giant cockroach (D:1)
  A goblin (D:1)
  A hobgoblin (D:1)
  3 jackals (D:1)
  2 ball pythons
  A kobold (D:2)
  2 rats
14 creatures vanquished.

Vanquished Creatures (others)
  3 plants (D:1)
3 creatures vanquished.

Grand Total: 17 creatures vanquished

Notes
Turn   | Place    | Note
-------+----------+-------------------------------------------
     0 | D:1      | garrulousMonolith the Demonspawn Gladiator began the quest
                  | for the Orb.
     0 | D:1      | Reached XP level 1. HP: 16/16 MP: 1/1
   385 | D:1      | Gained mutation: You have a pair of small horns on your
                  | head. [demonic ancestry]
   385 | D:1      | Reached XP level 2. HP: 21/22 MP: 2/2
   888 | D:1      | Found a faded altar of an unknown god.
  1225 | D:2      | Reached skill level 3 in Long Blades
  1266 | D:2      | Slain by a gnoll

Illustrated notes

Levels and vault maps discovered:
D:1:      lightli_arrival_statue_moat, layout_basic,
          shapermc_ecumenical_altar_notcrosses, serial_forest,
          infiniplex_forest_end_2, infiniplex_forest_zigzag_2,
          infiniplex_forest_clump_curved, infiniplex_forest_split,
          infiniplex_forest_lined_corner, infiniplex_forest_end_3,
          infiniplex_forest_clump_curved, infiniplex_forest_clump_small,
          chequers_jeans, serial_bayou_pond_d
D:2:      layout_loops_ring

Skill      XL: |  1  2 |
---------------+-------+-----
Throwing       | 2 |  2.0
Long Blades    | 3 |  3.1
Fighting       | |  2.3
Armour         | |  0.6
Dodging        | |  2.9

Action                   || total
-------------------------++-------
Melee: Long sword        ||    55
       Headbutt          ||     9
Throw: Throwing net      ||     1
       Dart              ||     4
Armor: Leather armour    ||    12
Dodge: Dodged            ||    26
       Rpst.: Long sword ||    11

Table legend: (Time is in decaauts)
 A = Elapsed time spent in this place.
 B = Non-inter-level travel time spent in this place.
 C = Inter-level travel time spent in this place.
 D = Time resting spent in this place.
 E = Time spent auto-exploring this place.
 F = Levels seen in this place.
 G = Mean time per level.
                   A        B        C        D        E       F      G
               +--------+--------+--------+--------+--------+-----+--------+
         Total |   1280 |   1266 |     14 |     91 |   1018 |   2 |  640.0 |
       Dungeon |   1280 |   1266 |     14 |     91 |   1018 |   2 |  640.0 |
               +--------+--------+--------+--------+--------+-----+--------+

Top non-repeatable levels by time:
     D:1: 1046 daAuts
     D:2: 234 daAuts
